 Dungeon Crawl Stone Soup version 0.28-a0-687-gb91baff9cc (webtiles) character file.

Game seed: 10394947710442226755

2196 lunkers the Thaumaturge (level 9, -9/68 HPs)
             Began as a Djinni Cinder Acolyte on Oct 19, 2021.
             Was a High Priest of Ignis.
             Mangled by a boulder beetle (22 damage)
             ... on level 7 of the Dungeon.
             The game lasted 00:13:33 (8338 turns).

lunkers the Thaumaturge (Djinni Cinder Acolyte)     Turns: 8338, Time: 00:13:33

Health: -9/68      AC: 10    Str: 13    XL:     9   Next: 60%
Gold:   337        EV: 10    Int: 20    God:    Ignis [*****.] SH:  0 Dex:  8

rFire   + + +      SeeInvis .   u - +0 dagger (venom)
rCold   x . .      Faith    .   (no shield)
rNeg    . . .      Spirit   .   m - +3 ring mail
rPois   ∞          Reflect  .   n - +0 helmet
rElec   .          Harm     .   (no cloak)
rCorr   .          Rampage  .   k - +0 pair of gloves
Will    .....                   (boots unavailable)
Stlth   ..........              (no amulet)
HPRegen 0.21/turn               (no ring)
MPRegen 0.00/turn               (no ring)

@: about to teleport, flying
A: sickness immunity, fire resistance 2, cold vulnerability 1, float, innate
caster, hp casting, extra vitality 1
a: Renounce Religion, Sea of Fire, Foxfire Swarm, Rising Flame


You were on level 7 of the Dungeon.
You worshipped Ignis.
Ignis was extremely pleased with you.
You visited 1 branch of the dungeon, and saw 7 of its levels.

You collected 337 gold pieces.

Inventory:

Hand Weapons
 a - a -1 short sword of flaming
 u - a +0 dagger of venom (weapon)
Armour
 k - a +0 pair of gloves (worn)
 m - a +3 ring mail (worn)
 n - a +0 helmet (worn)
 t - a +0 kite shield
Wands
 o - a wand of flame (25)
 w - a wand of charming (5)
Scrolls
 b - a scroll of brand weapon {unknown}
 c - 2 scrolls of noise {unknown}
 d - 4 scrolls of identify
 g - a scroll of vulnerability {unknown}
 h - 3 scrolls of magic mapping {unknown}
 i - a scroll of enchant weapon {unknown}
 j - 5 scrolls of teleportation
 p - 2 scrolls of enchant armour {unknown}
 s - a scroll of fear {unknown}
 v - 3 scrolls of immolation {unknown}
Potions
 e - 2 potions of attraction
 f - 2 potions of might
 l - a potion of brilliance
 q - 2 potions of curing
 r - a potion of resistance
 x - a potion of cancellation {unknown}


   Skills:
 + Level 7.6 Fighting
 - Level 2.6 Short Blades
 * Level 8.0 Spellcasting


You had 14 spell levels left.
You knew the following spells:

 Your Spells              Type           Power      Damage    Failure   Level
a - Magic Dart            Conj           100%       1d8       1%          1
b - Wereblood             Tmut           40%        N/A       1%          2
c - Blink                 Tloc           N/A        N/A       1%          2
d - Conjure Flame         Conj/Fire      40%        6-21      1%          3
p - Scorch                Fire           80%        2d9       1%          2
Your spell library was empty.

Dungeon Overview and Level Annotations

Branches:
Dungeon (7/15)             Temple (0/1) D:5

Altars:
Cheibriados
Sif Muna
Trog
Uskayaw
Zin

Shops:
D:4 *   D:5 *:


Innate Abilities, Weirdness & Mutations

You are immune to sickness and miasma.
You are immune to poison.
Your flesh is very heat resistant. (rF++)
You are vulnerable to cold. (rC-)
You float through the air rather than walking.
You learn spells naturally, not from books.
Your magical power is your life essence.
You have superior vitality. (+4 HP)


Message History

The boulder beetle leaps!
The boulder beetle moves out of view.
A scorpion comes into view.
There are monsters nearby!
There are monsters nearby!
Casting: Scorch (safe; 1% risk of failure)
Press: ? - help, Q - select action, (/) - cycle Dir - look around, f - activate Flames lash the scorpion.
The scorpion is moderately wounded.
The scorpion's fire resistance burns away.
The boulder beetle leaps!
The scorpion stings you but does no damage.
Casting: Scorch (safe; 1% risk of failure)
Press: ? - help, Q - select action, (/) - cycle Dir - look around, f - activate Flames lash the scorpion.
The scorpion is burned terribly!
The scorpion is severely wounded.
The scorpion stings you but does no damage.
Casting: Scorch (safe; 1% risk of failure)
Press: ? - help, Q - select action, (/) - cycle Dir - look around, f - activate Flames lash the scorpion.
The scorpion is burned terribly!
You kill the scorpion!
A boulder beetle is nearby!
A boulder beetle is nearby!
Casting: Scorch (safe; 1% risk of failure)
Press: ? - help, Q - select action, (/) - cycle Dir - look around, f - activate Flames lash the boulder beetle but do no damage.
The boulder beetle leaps!
The boulder beetle curls into a ball and begins rolling!
Casting: Scorch (safe; 1% risk of failure)
Press: ? - help, Q - select action, (/) - cycle Dir - look around, f - activate Flames lash the boulder beetle.
The boulder beetle is lightly wounded.
The boulder beetle's fire resistance burns away.
The boulder beetle hits you!!!
Ouch! That really hurt!
* * * LOW HITPOINT WARNING * * *
The boulder beetle stops rolling and uncurls.
As you read the scroll labelled EBELUAPPOA, it crumbles to dust.
You feel strangely unstable.
It was a scroll of teleportation.
The boulder beetle bites you!!
You die...

#..#... ≈# ## #..#.⌠
..# . #.# #).#.
#..#... .###..#
#..###....###
......##.....†......
.###..#.#.##.###....[
....○........# ###
.##.#.##B###.# # #@#
#.## #.# #..#
#.###.## #.....#
#####.# #.# #.# #.#
#.##


You could see a boulder beetle (combustible).

Vanquished Creatures
  A deep elf pyromancer (D:7)
  Sigmund (D:6)
  Menkaure (D:6)
  A water moccasin (D:4)
  Duvessa (D:6)
  2 ice beasts (D:7)
  A necrophage (D:4)
  2 centaurs (D:6)
  A bullfrog (D:7)
  A scorpion (D:7)
  Dowan (D:6)
  A water moccasin zombie (D:6)
  A water moccasin skeleton (D:6)
  A vampire bat (D:3)
  A centaur zombie (D:5)
  2 centaur skeletons
  A hound (D:6)
  2 jellies (D:6)
  2 iguanas (D:5)
  An orc wizard (D:5)
  A scorpion zombie (D:5)
  Terence (D:3)
  A killer bee zombie (D:4)
  A hound skeleton (D:4)
  Robin (D:2)
  9 adders
  A howler monkey skeleton (D:5)
  2 worms
  A dart slug (D:2)
  10 orcs
  12 bats
  9 endoplasms
  4 giant cockroaches
  14 goblins
  8 hobgoblins
  2 jackals (D:1)
  4 quokkas
  3 ball pythons
  3 frilled lizards
  6 kobolds
  4 rats
122 creatures vanquished.

Notes
Turn   | Place    | Note
-------+----------+-------------------------------------------
     0 | D:1      | lunkers the Djinni Cinder Acolyte began the quest for the
                  | Orb.
     0 | D:1      | Reached XP level 1. HP: 20/20 MP: 0/0
   362 | D:1      | Reached XP level 2. HP: 13/25 MP: 0/0
  1683 | D:2      | Reached skill level 3 in Spellcasting
  1683 | D:2      | Reached XP level 3. HP: 23/30 MP: 0/0
  1683 | D:2      | Learned a level 1 spell: Magic Dart
  2234 | D:2      | Reached XP level 4. HP: 33/35 MP: 0/0
  2724 | D:2      | Noticed Robin
  3003 | D:2      | Killed Robin
  3097 | D:3      | Reached XP level 5. HP: 36/41 MP: 0/0
  3097 | D:3      | Learned a level 2 spell: Wereblood
  3239 | D:3      | Noticed Terence
  3244 | D:3      | Killed Terence
  3321 | D:3      | Reached skill level 4 in Spellcasting
  3593 | D:3      | Reached XP level 6. HP: 40/47 MP: 0/0
  3645 | D:3      | Found a hide-covered altar of Uskayaw.
  3648 | D:3      | Found a bloodstained altar of Trog.
  3866 | D:3      | Found a snail-covered altar of Cheibriados.
  4555 | D:4      | Noticed a necrophage
  4582 | D:4      | Killed a necrophage
  4915 | D:4      | Found Yzxoxtut's Serpentskin Sales.
  4915 | D:4      | Noticed a water moccasin
  4921 | D:4      | Killed a water moccasin
  4922 | D:4      | Reached skill level 5 in Fighting
  4922 | D:4      | Reached skill level 5 in Spellcasting
  4922 | D:4      | Reached XP level 7. HP: 32/54 MP: 0/0
  4922 | D:4      | Learned a level 2 spell: Blink
  5142 | D:5      | Entered Level 5 of the Dungeon
  5171 | D:5      | Found Ataawy's Book Shop.
  5552 | D:5      | Found Wuempaer's Gadget Gallery.
  6089 | D:5      | Found a staircase to the Ecumenical Temple.
  6488 | D:6      | Reached XP level 8. HP: 35/60 MP: 0/0
  6650 | D:6      | Noticed Menkaure
  6654 | D:6      | Killed Menkaure
  6655 | D:6      | Reached skill level 6 in Spellcasting
  6957 | D:6      | Noticed Duvessa
  6957 | D:6      | Noticed Dowan
  6968 | D:6      | Killed Duvessa
  6972 | D:6      | Killed Dowan
  7472 | D:6      | Noticed Sigmund
  7476 | D:6      | Killed Sigmund
  7477 | D:6      | Reached skill level 7 in Spellcasting
  7477 | D:6      | Reached XP level 9. HP: 59/67 MP: 0/0
  7477 | D:6      | Learned a level 3 spell: Conjure Flame
  7798 | D:7      | Found a glowing silver altar of Zin.
  7812 | D:7      | Noticed a deep elf pyromancer
  7821 | D:7      | Killed a deep elf pyromancer
  8148 | D:7      | Reached skill level 8 in Spellcasting
  8315 | D:7      | Noticed a boulder beetle
  8338 | D:7      | Mangled by a boulder beetle

Illustrated notes

Levels and vault maps discovered:
D:1:      minmay_arrival_semitransparent, layout_basic
D:2:      layout_rooms, minmay_hexomino_u4, uniq_robin
D:3:      layout_rooms, mainiacjoe_overflow_paths,
          mainiacjoe_overflow_divided_tiny, slow_altar_2, roderic_batcave,
          uniq_terence
D:4:      layout_basic, guppyfry_shop_venom
D:5:      layout_basic, lemuel_temple_firewalk_b, serial_shops, shop,
          nicolae_shop_gadgets
D:6:      layout_basic, kennysheep_generic_room_5, uniq_duvessa, uniq_sigmund,
          uniq_menkaure
D:7:      layout_loops_ring, mainiacjoe_overflow_alcove_4,
          mainiacjoe_overflow_alcove_1, fountainhead

Skill      XL: |  1  2  3  4  5  6  7  8  9 |
---------------+----------------------------+-----
Spellcasting   | 3 4 5 7 8 |  8.0
Fighting       | 4 5 6 7 |  7.6
Short Blades   | |  2.6

Action                   |  1- 3 |  4- 6 |  7- 9 || total
-------------------------+-------+-------+-------++-------
Melee: Short sword       |    22 |     1 |       ||    23
 Cast: Scorch            |    35 |    92 |    94 ||   221
       Magic Dart        |       |    14 |     5 ||    19
Evoke: Wand              |       |       |    12 ||    12
  Use: Scroll            |       |     5 |     3 ||     8
Armor: Robe              |     4 |     2 |       ||     6
       Ring mail         |       |    21 |    28 ||    49
Dodge: Dodged            |     9 |    32 |    23 ||    64

Table legend: (Time is in decaauts)
 A = Elapsed time spent in this place.
 B = Non-inter-level travel time spent in this place.
 C = Inter-level travel time spent in this place.
 D = Time resting spent in this place.
 E = Time spent auto-exploring this place.
 F = Levels seen in this place.
 G = Mean time per level.
                   A        B        C        D        E       F      G
               +--------+--------+--------+--------+--------+-----+--------+
         Total |   8335 |   8181 |    154 |    534 |   6804 |   7 | 1190.7 |
       Dungeon |   8335 |   8181 |    154 |    534 |   6804 |   7 | 1190.7 |
               +--------+--------+--------+--------+--------+-----+--------+

Top non-repeatable levels by time:
     D:1: 1678 daAuts
     D:6: 1500 daAuts
     D:2: 1413 daAuts
     D:5: 1154 daAuts
     D:4: 1093 daAuts
     D:3: 954 daAuts
     D:7: 539 daAuts
